 Dungeon Crawl Stone Soup version 0.31-a0-664-g902f515a81 (webtiles) character file.

Game seed: 2316937109946718319

186 randomguy2701 the Chopper (level 5, -7/47 HPs)
             Began as a Hill Orc Fighter on Sept 2, 2023.
             Mangled by an ogre
             ... wielding a +0 giant club
              (20 damage)
             ... on level 4 of the Dungeon.
             The game lasted 00:02:07 (2980 turns).

randomguy2701 the Chopper (Hill Orc Fighter)        Turns: 2980, Time: 00:02:08

Health: -7/47      AC:  7    Str: 19    XL:     5   Next: 65%
Magic:  5/5        EV:  9    Int:  8    God:
Gold:   161        SH:  5    Dex: 12    Spells: 4/4 levels left

rFire   . . .        a - +0 war axe
rCold   . . .        c - +0 buckler
rNeg    . . .        b - +0 scale mail
rPois   .            (no helmet)
rElec   .            (no cloak)
rCorr   .            (no gloves)
SInv    .            (no boots)
Will    .....        (no amulet) Stlth
                     (no ring)
HPRegen 0.27/turn    (no ring)
MPRegen 0.09/turn

%: no passive effects
@: mighty
A: no striking features
a: no special abilities


You were on level 4 of the Dungeon.
You visited 1 branch of the dungeon, and saw 4 of its levels.

You collected 161 gold pieces.

Inventory:

Hand Weapons
 a - a +0 war axe (weapon)
Armour
 b - a +0 scale mail (worn)
 c - a +0 buckler (worn)
Jewellery
 g - an amulet of magic regeneration
 l - a ring of poison resistance
Wands
 n - a wand of flame (12)
Scrolls
 f - 5 scrolls of identify {unknown}
 h - a scroll of vulnerability {unknown}
 i - 2 scrolls of teleportation {unknown}
 j - a scroll of enchant armour {unknown}
Potions
 e - 4 potions of enlightenment {unknown}
 k - 6 potions of curing {unknown}
 m - a potion of invisibility {unknown}
 o - a potion of heal wounds {unknown}
 p - a potion of degeneration {unknown}


   Skills:
 + Level 4.4 Fighting
 + Level 5.2 Axes
 + Level 4.4 Armour
 + Level 0.3 Dodging
 + Level 3.9 Shields


You had 4 spell levels left.
You didn't know any spells.
Your spell library contained the following spells:

 Spells                   Type           Power      Damage    Failure   Level
 Summon Small Mammal      Summ           0%         N/A       83%         1
 Lesser Beckoning         Tloc           0%         N/A       93%         2
 Call Canine Familiar     Summ           0%         N/A       99%         3
 Frozen Ramparts          Ice            0%         1d1       99%         3
 Gell's Gravitas          Tloc           0%         N/A       99%         3
 Summon Guardian Golem    Hex/Summ       0%         N/A       99%         3
 Teleport Other           Tloc           0%         N/A       99%         3
 Petrify                  Tmut/Erth      0%         N/A       100%        4
 Metabolic Englaciation   Hex/Ice        0%         N/A       100%        5


Dungeon Overview and Level Annotations

Branches:
Dungeon (4/15)
 Temple: D:4-7

Altars:
Sif Muna


Message History

No target in view!
No target in view!
You hear the slow rusting of a drain nearby.
As you open the door, it creaks loudly!
A ball python, a worm, 2 goblins, an ogre and a kobold come into view.
The ball python hisses angrily.
The ogre shouts!
The kobold shouts!
A hound comes into view.
A hobgoblin comes into view.
The goblin unwields a +0 dagger.
The goblin wields a +0 sling.
The goblin shoots a sling bullet.
The sling bullet barely misses you.
Found a fizzy cyan potion.
You feel very mighty all of a sudden.
The hound barks!
The hobgoblin shouts!
You slash the ball python!
You kill the ball python!
You slash the ogre!
The ogre is heavily wounded.
The ogre hits you with a +0 giant club!!
Ouch! That really hurt!
* * * LOW HITPOINT WARNING * * *
You are too injured to fight recklessly!
You are too injured to fight recklessly!
You are too injured to fight recklessly!
You are too injured to fight recklessly!
You are too injured to fight recklessly!
You are too injured to fight recklessly!
You are too injured to fight recklessly!
You are too injured to fight recklessly!
You are too injured to fight recklessly!
You are too injured to fight recklessly!
You are too injured to fight recklessly!
You are too injured to fight recklessly!
You are too injured to fight recklessly!
You are too injured to fight recklessly!
You are too injured to fight recklessly!
You are too injured to fight recklessly!
You are too injured to fight recklessly!
You hit the ogre.
The ogre is severely wounded.
The ogre hits you with a +0 giant club!!
You die...

.....######.... #..(...........
..........#### #........##..##
.....######..#########.######....
........................# #####
###.#####################
#.#####........# ...#
#..##.....(#...# .....
##.##.....##...#gg....
#.#......##..@Ohgw...
#...†..####...#K..... ########
#...# ....! #...# ...# #...# ###
#...# +...# #...#


You could see an ogre, a worm, a hound, 2 hobgoblins, a goblin and a kobold.

Vanquished Creatures
  Natasha (thrice) (D:2)
  5 adders
  2 worms
  5 endoplasms
  3 giant cockroaches
  5 goblins
  7 hobgoblins
  3 kobolds
  6 quokkas
  8 ball pythons
  9 bats
  A frilled lizard (D:1)
  3 rats
60 creatures vanquished.

Notes
Turn   | Place    | Note
-------+----------+-------------------------------------------
     0 | D:1      | randomguy2701 the Hill Orc Fighter began the quest for the
                  | Orb.
     0 | D:1      | Reached XP level 1. HP: 19/19 MP: 1/1
   203 | D:1      | Reached XP level 2. HP: 27/27 MP: 2/2
   262 | D:1      | Reached skill level 3 in Axes
   818 | D:2      | Reached XP level 3. HP: 33/33 MP: 3/3
  1152 | D:2      | Found a shimmering blue altar of Sif Muna.
  1254 | D:2      | Noticed Natasha
  1259 | D:2      | Killed Natasha
  1260 | D:2      | Reached skill level 4 in Axes
  1260 | D:2      | Reached XP level 4. HP: 13/40 MP: 4/4
  1505 | D:2      | Noticed Natasha
  1516 | D:2      | Killed Natasha
  1907 | D:2      | Noticed Natasha
  1913 | D:2      | Killed Natasha
  1914 | D:2      | Reached XP level 5. HP: 37/46 MP: 5/5
  2222 | D:3      | Reached skill level 5 in Axes
  2976 | D:4      | Noticed an ogre
  2980 | D:4      | Mangled by an ogre

Illustrated notes

Levels and vault maps discovered:
D:1:      dpeg_arrival_refuge, layout_basic, minmay_pentomino_o2
D:2:      layout_basic, basic_altar, grunt_decor_mini_mirrors, nrook_campfire,
          uniq_natasha
D:3:      layout_basic, minmay_misc_feat_room
D:4:      minmay_opposing_rooms, layout_basic, minmay_temple_entry_from_below_a,
          gup_sewer_entry_bubbles, serial_bayou_pond_a

Skill      XL: |  1  2  3  4  5 |
---------------+----------------+-----
Axes           | 3 4 5 |  5.2
Fighting       | 4 |  4.4
Armour         | 4 |  4.4
Dodging        | |  0.3
Shields        | |  3.9

Action                     |  1- 3 |  4- 6 || total
---------------------------+-------+-------++-------
  Melee: War axe           |    89 |    97 ||   186
    Use: Potion            |       |     1 ||     1
 Armour: Scale mail        |    52 |    73 ||   125
  Dodge: Dodged            |    52 |    53 ||   105
  Block: Buckler           |    21 |    22 ||    43

Table legend: (Time is in decaauts)
 A = Elapsed time spent in this place.
 B = Non-inter-level travel time spent in this place.
 C = Inter-level travel time spent in this place.
 D = Time resting spent in this place.
 E = Time spent auto-exploring this place.
 F = Levels seen in this place.
 G = Mean time per level.
                   A        B        C        D        E       F      G
               +--------+--------+--------+--------+--------+-----+--------+
         Total |   3047 |   2965 |     82 |      0 |   2517 |   4 |  761.8 |
       Dungeon |   3047 |   2965 |     82 |      0 |   2517 |   4 |  761.8 |
               +--------+--------+--------+--------+--------+-----+--------+

Top non-repeatable levels by time:
     D:2: 1183 daAuts
     D:3: 933 daAuts
     D:1: 813 daAuts
     D:4: 115 daAuts
